Bugari, lawful male human Monk ---- .-- -...# ##* --- |..| #[ |..---... #*#0--.-----..------.....-------------------- ---- ......... ##0#........................................| --..-- |.......--....-....----..----........----------------%--- --....| ---..............u..---..| -........0.| ---.....| |.....| |..............@.......| .--.......---- |...(.|.- |....-| ---...# .....<........-- --.|.......-- |.....| . |-....-- ---... ................-.- --|...--...| ---...---.--......| |....-- ...................------..---..-- ----....-|.........| ---.....| ----...........................-- |........---......-- |...|..-- --...............---....---.--- |................-| ---.------ ---.....*.......(......--|...| ---...............-- |..%| ---....................|--.--- ----.--..........| ---.--- -....--......--......| |...| ---|.........-- |...| |....--|.....--|.....-- ---.---- ---.........| |.--- |...-- --.....|---..-| --.....--- |...........-- --.| --.-- ---..-- |...| |........| |...---...>..| |..| --- ---- --.-- --.......| --.-- --.--.-- |..| --- ---.----- -- --- -- ---- --- Bugari the Initiate Experience level: 8 Strength: 17 Dexterity: 9 Constitution: 16 Intelligence: 10 Wisdom: 13 Charisma: 10 Health: 0(69) Energy: 19(50) AC: 10 Gold: 111 Moves: 2411 Your Inventory: Coins $ - 111 gold pieces Weapons r - 61 [uncursed +0] darts s - an [uncursed] +0 crossbow (weapon in hand) t - 6 [blessed +2] crossbow bolts (in quiver) G - 50 [uncursed +0] arrows H - 5 [blessed +3] daggers J - 10 [uncursed +0] darts [of stealth] N - 34 [uncursed +0] crossbow bolts Armor a - an uncursed +2 pair of leather gloves b - an uncursed +1 robe h - an [uncursed +0] pair of iron shoes u - an [uncursed +0] pair of leather gloves y - a cursed +0 pair of iron shoes Comestibles g - 4 uncursed food rations i - 4 uncursed oranges j - 3 uncursed fortune cookies V - an [uncursed] tripe ration Scrolls d - an uncursed scroll of gold detection v - 2 [uncursed] unlabeled scrolls [of blank paper] w - a [blessed] unlabeled scroll [of blank paper] D - an [uncursed] scroll of create monster Spellbooks c - a blessed spellbook of protection A - an [uncursed] spellbook of remove curse Potions e - a blessed potion of healing f - an uncursed potion of healing C - an [uncursed] dark green potion [of gain ability] Rings U - a [cursed] plastic ring [of polymorph] Wands F - an [uncursed] wand of sleep [0:7] I - an [uncursed] maple wand [of teleportation (0:8)] O - an [uncursed] wand of light [0:11] Tools k - an uncursed oil lamp (0:1042) n - an [uncursed] tin opener x - a [blessed] oil lamp z - an [uncursed +0] pick-axe M - 3 [uncursed tallow] candles R - an [uncursed] key [skeleton key] Gems l - 2 [uncursed] orange gems [agate] m - 3 [uncursed] blue gems [worthless glass] E - an [uncursed] green gem [worthless glass] K - 2 [uncursed] orange gems [worthless glass] L - an [uncursed] white gem [worthless glass] P - an [uncursed] white gem [opal] S - 2 [uncursed] blue gems [sapphire] T - an [uncursed] red gem [worthless glass] Spells known in the end: Name Level Category Fail Memory a - protection 1 clerical 36% [||||||||] b - remove curse 3 clerical 100% [||||||||] Your skills at the end: Fighting Skills martial arts [Skilled / Grand Master] Weapon Skills Spellcasting Skills healing spells [Basic / Expert] Final Attributes: You were piously aligned. Hunger level was 308. Your alignment was 20 / 22. Monster difficulty range was 0 - 6. Level difficulty was 4. You were immune to sleep. You were immune to poison. You saw invisible. You were warned. You were stealthy. You were fast. Your luck was zero. You are dead. Vanquished creatures: 2 giant beetles a Woodland-elf 4 Uruk-hai 8 gnome lords 2 gray oozes a paper golem 2 giant ants a kitten 4 dwarves a monkey 3 dwarf zombies a werejackal 4 killer bees a gas spore a hobbit a large kobold 4 cave spiders 40 gnomes a gecko 2 jackals 2 kobolds 2 sewer rats a bat 5 newts 94 creatures vanquished. Voluntary challenges: You were an atheist. You pretended to be a vegetarian. You used a wielded weapon 7 times. You read items or engraved 8 times. You put on armor 3 times. You never genocided any monsters. You never polymorphed an object. You never changed form. You used no wishes. You never wrote Elbereth's name. You never encountered a bones level. You never used any Sokoban shortcuts. Dungeon overview: The Dungeons of Doom: levels 1 to 3 Level 1 a long staircase Level 2 some fountains Level 3 a sink stairs to The Gnomish Mines The Gnomish Mines: levels 4 to 8 Level 4 <- You were here stairs to The Dungeons of Doom Level 6 a general store, a fountain History has recorded: On T:1 you entered the Dungeons of Doom to retrieve the Amulet of Yendor! On T:213 you reached level 2 of The Dungeons of Doom. On T:615 you reached level 3 of The Dungeons of Doom. On T:642 you advanced to experience level 2. On T:647 you reached level 1 of The Gnomish Mines. On T:657 you advanced to experience level 3. On T:659 you advanced to experience level 4. On T:693 you advanced to experience level 5. On T:988 you advanced to experience level 6. On T:1028 you reached level 2 of The Gnomish Mines. On T:1311 you advanced to experience level 7. On T:1653 you reached level 3 of The Gnomish Mines. On T:1838 you reached level 4 of The Gnomish Mines. On T:1984 you advanced to experience level 8. On T:2110 you reached level 5 of The Gnomish Mines. Latest messages: [HP-17=41] You hit the horse. The horse kicks! The horse bites! [HP-6=35] You hit the horse. The horse kicks! The horse bites! [HP-11=24] [HP+1=25] The horse kicks! The horse bites! [HP-4=21] The horse kicks! The horse bites! [HP-10=11] [HP+1=12] The horse kicks! The horse bites! [HP-8=4] The horse kicks! You die... Final status: Punardarsanaya Bugari the Monk... You died in The Gnomish Mines on dungeon level 4 with 602 points, and 111 pieces of gold, after 2411 moves. You were level 8 with a maximum of 69 hit points when you died.